Unix NetHack Version 5.0.0-0 post-release - last build May 31 2026 23:59:36 (970b52f25bf058293b47ddfd14a1e40e571c508c,branch:main).

Game began 2026-06-09 17:31:12, ended 2026-06-09 17:41:29.

KraJa, lawful male human Knight

                                                                          -
                                                                         .-
                                                           |             .
                                                           |.-----  -- -.|
                                                           |.|...---.--..|
                                                         ---............-  |
                                                          .............u--.--
                                                         | |...^............|
                                                     .#### |...G`.........|
                                                        |G.G...*@.G......--
                                                        | --#...........--
                                                        |.......h...-- .-
                                                        |...--#--...|
                                                        |..-    --..|
                                                        ---      ----
KraJa the Gallant        St:14 Dx:12 Co:11 In:7 Wi:14 Ch:17  Lawful
Dlvl:4  $:0  HP:0(25) Pw:15(15) AC:5  Xp:2/35 T:1544 

Latest messages:
 You drop a sling.
 You drop 3 daggers.
 You drop 2 cram rations.
 You drop a scroll labeled PRATYAVAYAH.
 You drop a scroll labeled READ ME.
 You drop a purple spellbook.
 Your movements are now unencumbered.
 You drop a brown potion.
 You drop a clear potion.
 You drop a smoky potion.
 You drop a violet gem.
 You descend the stairs.
 Something is written here in the dust.
 You read: "El???e?h".
 You see here a partly eaten gnome corpse.
 There is a partly eaten gnome corpse here; eat it? [ynq] (n)
 You resume your meal.
 You hear crashing rock.
 The gnome lord throws an aklys!
 An aklys misses you.
 You stop eating the gnome corpse.
 You have a little trouble lifting a partly eaten gnome corpse.  Continue? [ynq] (q)
 You have a little trouble lifting x - a partly eaten gnome corpse.
 Your movements are slowed slightly because of your load.
 The gnome lord throws an aklys!
 You are hit by an aklys.
 You climb up the stairs.
 What do you want to eat? [ghx or ?*]
 You resume your meal.
 Your movements are now unencumbered.
 You finish eating the gnome corpse.
 You descend the stairs.
 Something is written here in the dust.
 You read: " lbc?eth".
 You see here 6 rocks.
 Something is written here in the dust.
 You read: "El  ?e h".
 The gnome lord seems disoriented.
 y - a pink spellbook.
 The gnome lord drinks a potion of speed!
 The gnome lord is suddenly moving faster.
 The gnome lord throws an aklys!
 You are almost hit by an aklys.
 The gnome lord throws an aklys!
 You are hit by an aklys.
 The gnome lord hits!
 The gnome lord swings his aklys.
 The gnome lord hits!
 You die...
 Do you want your possessions identified? [ynq] (y)

Inventory:
 Weapons  (')')
  a - an uncursed +1 long sword (weapon in right hand)
  b - a blessed +1 lance (alternate weapon; not wielded)
 Armor    ('[')
  d - an uncursed +0 helmet (being worn)
  f - an uncursed +0 pair of leather gloves (being worn)
  e - an uncursed +0 small shield (being worn)
  c - an uncursed very rusty +1 ring mail (being worn)
 Comestibles  ('%')
  g - 10 uncursed apples
  h - 10 uncursed carrots
 Spellbooks  ('+')
  y - an uncursed spellbook of clairvoyance
 Tools    ('(')
  l - an uncursed oil lamp named @

KraJa the Knight's attributes:

Background:
 You were a Gallant, a level 2 male human Knight.
 You were lawful, nominally on a mission for Lugh
 who was opposed by Brigit (neutral) and Manannan Mac Lir (chaotic).
 You were right-handed.
 You were in the Gnomish Mines, on level 4.
 You entered the dungeon 1544 turns ago.
 You had 35 experience points, 5 more were needed to attain level 3.

Basics:
 You had 0 out of 25 hit points.
 You had all 15 energy points (spell power).
 Your armor class was 5.
 Your wallet was empty.
 Autopickup was on for all types, with exceptions.

Final Characteristics:
 Your strength was 14 (limit:18/100).
 Your dexterity was 12 (limit:18).
 Your constitution was 11 (limit:18).
 Your intelligence was 7 (limit:18).
 Your wisdom was 14 (limit:18).
 Your charisma was 17 (limit:18).

Final Status:
 You weren't hungry.
 You were unencumbered.
 You were wielding a long sword.
 You had basic skill with long sword.

Final Attributes:
 You were devoutly aligned.
 You could jump.
 You were warded.
 You are dead.

Miscellaneous:
 You didn't encounter any bones levels.
 Total elapsed playing time was 10 minutes and 7 seconds.

Major events:
 Turn
    1: KraJa the lawful male human Knight entered the dungeon
 1438: entered the Gnomish Mines
 1544: killed by a gnome lord

You didn't know any spells.

Skills:
 Fighting Skills
   bare handed combat [Unskilled]
   two weapon combat  [Unskilled]
   riding             [Basic]
 Weapon Skills
   dagger             [Unskilled]
   knife              [Unskilled]
   axe                [Unskilled]
   pick-axe           [Unskilled]
   short sword        [Unskilled]
   broadsword         [Unskilled]
   long sword         [Basic]
   two-handed sword   [Unskilled]
   saber              [Unskilled]
   club               [Unskilled]
   mace               [Unskilled]
   morning star       [Unskilled]
   flail              [Unskilled]
   hammer             [Unskilled]
   polearms           [Unskilled]
   spear              [Unskilled]
   trident            [Unskilled]
   lance              [Basic]
   bow                [Unskilled]
   crossbow           [Unskilled]
 Spellcasting Skills
   attack spells      [Unskilled]
   healing spells     [Unskilled]
   clerical spells    [Unskilled]

Voluntary challenges:
 Character rerolling was not enabled.
 You were an atheist.
 You never genocided any monsters.
 You never polymorphed an object.
 You never changed form.
 You used no wishes.
Achievements:
 You entered a shop.
 You entered the Gnomish Mines.

 The Dungeons of Doom: levels 1 to 4
    Level 1:
       A fountain, a grave.
    Level 2: "V"
       A general store.
    Level 3:
       A fountain, a tree.
       Stairs down to The Gnomish Mines.
    Level 4:
 The Gnomish Mines:
    Level 4: <- You were here.
       Final resting place for
          you, killed by a gnome lord.


Vanquished creatures:
  2 acid blobs
  a hobbit
  a giant rat
  6 gnomes
  a gecko
  3 jackals
  a kobold
  a goblin
  a sewer rat
  a grid bug
  2 lichens
  5 newts
25 creatures vanquished.

No species were genocided or became extinct.

Game over:
                       ----------
                      /          \
                     /    REST    \
                    /      IN      \
                   /     PEACE      \
                  /                  \
                  |      KraJa       |
                  |       0 Au       |
                  |   killed by a    |
                  |    gnome lord    |
                  |                  |
                  |                  |
                  |       2026       |
                 *|     *  *  *      | *
        _________)/\\_//(\/(/\)/\//\/|_)_______

Fare thee well KraJa the Knight...

You died in The Gnomish Mines on dungeon level 4 with 290 points,
and 0 pieces of gold, after 1544 moves.
You were level 2 with a maximum of 25 hit points when you died.

